 Dungeon Crawl Stone Soup version 0.29-a0-330-g52719c12eb (webtiles) character file.

Game seed: 6413282193987309299

119 Crownlay the Shield-Bearer (level 5, -1/37 HPs)
             Began as a Gnoll Wanderer on May 23, 2022.
             Slain by an adder (2 damage)
             ... on level 3 of the Dungeon.
             The game lasted 00:03:08 (2317 turns).

Crownlay the Shield-Bearer (Gnoll Wanderer)         Turns: 2317, Time: 00:03:09

Health: -1/37      AC:  2    Str: 10    XL:     5   Next: 3%
Magic:  6/6        EV: 13    Int: 11    God:
Gold:   154        SH:  5    Dex: 15    Spells: 6/6 levels left

rFire   . . .      SeeInvis .   a - +0 hunting sling (vorpal)
rCold   . . .      Faith    .   c - +0 buckler
rNeg    . . .      Spirit   .   e - +0 robe
rPois   .          Reflect  .   (no helmet)
rElec   .          Harm     .   (no cloak)
rCorr   .          Rampage  .   (no gloves)
Will    .....                   (no boots)
Stlth   ++........              (no amulet)
HPRegen 0.12/turn               (no ring)
MPRegen 0.10/turn               (no ring)

@: lethally poisoned (-1 -> -7), flying
A: fangs 1, strong nose, distributed training
a: no special abilities


You were on level 3 of the Dungeon.
You visited 1 branch of the dungeon, and saw 3 of its levels.

You collected 154 gold pieces.

Inventory:

Hand Weapons
 a - a +0 vorpal hunting sling (weapon)
Armour
 c - a +0 buckler (worn)
 e - a +0 robe (worn)
Scrolls
 g - 2 scrolls of fog
 i - a scroll of identify
 j - a scroll of vulnerability {unknown}
 k - a scroll of blinking {unknown}
 n - 2 scrolls of teleportation
 p - 2 scrolls of holy word
 q - a scroll of noise {unknown}
 r - a scroll of amnesia {unknown}
Potions
 b - 2 potions of degeneration {unknown}
 d - a potion of lignification
 f - 3 potions of flight
 h - a potion of might {unknown}
 l - a potion of ambrosia {unknown}
 m - a potion of mutation {unknown}
 o - 2 potions of curing {unknown}
 s - a potion of invisibility {unknown}


   Skills:
 + Level 1.3 Fighting
 + Level 1.3 Short Blades
 + Level 4.7 Long Blades
 + Level 1.3 Axes
 + Level 1.3 Maces & Flails
 + Level 1.3 Polearms
 + Level 1.3 Staves
 + Level 4.7 Slings
 + Level 1.3 Bows
 + Level 1.3 Crossbows
 + Level 1.3 Throwing
 + Level 1.3 Armour
 + Level 4.7 Dodging
 + Level 2.6 Stealth
 + Level 4.7 Shields
 + Level 1.3 Unarmed Combat
 + Level 1.3 Spellcasting
 + Level 1.0 Conjurations
 + Level 1.0 Hexes
 + Level 1.0 Summonings
 + Level 1.0 Necromancy
 + Level 1.0 Translocations
 + Level 1.0 Transmutations
 + Level 1.0 Fire Magic
 + Level 1.0 Ice Magic
 + Level 1.0 Air Magic
 + Level 1.0 Earth Magic
 + Level 1.0 Poison Magic
 + Level 1.4 Invocations
 + Level 2.8 Evocations


You had 6 spell levels left.
You didn't know any spells.
Your spell library contained the following spells:

 Spells                   Type           Power      Damage    Failure   Level
 Scorch                   Fire           6%         2d5       36%         2
 Flame Wave               Conj/Fire      3%         2d4       95%         4
 Summon Cactus Giant      Summ           1%         N/A       100%        6


Dungeon Overview and Level Annotations

Branches:
Dungeon (3/15)

Altars:

Annotations:
D:3 Robin


Innate Abilities, Weirdness & Mutations

You have very sharp teeth.
Your uncanny sense of smell can sniff out nearby items.
Your experience applies equally to all skills.


Message History

Press: ? - help, Shift-Dir - straight line, f - goblin, p - adder
Aim: a goblin, wielding a +0 dagger (50% to hit)
You shoot a sling bullet.
The sling bullet closely misses the goblin.
You feel sick. The adder completely misses you.
The goblin hits you but does no damage. The adder bites you.
Fire: a) +0 hunting sling (vorpal)
Press: ? - help, Shift-Dir - straight line, f/p - goblin
Aim: a goblin, wielding a +0 dagger (50% to hit)
You shoot a sling bullet. The sling bullet hits the goblin!
You kill the goblin!
You feel sick.
You are no longer poisoned.
The goblin no longer looks unusually strong.
The adder bites you.
* * * LOW HITPOINT WARNING * * *
You are poisoned.
The adder poisons you! The adder barely misses you.
A hobgoblin comes into view.
You feel sick. Robin throws the goblin at you!
* * * LOW HITPOINT WARNING * * *
The goblin barely misses you.
You see here a +0 dagger.
You feel sick. Robin throws the goblin at you! You block the goblin's attack.
The goblin hits you but does no damage. The goblin attacks as you move away!
The goblin closely misses you. The adder attacks as you move away!
You block the adder's attack.
You feel sick. The adder bites you.
* * * LOW HITPOINT WARNING * * *
You are lethally poisoned!
The adder poisons you! The adder attacks as you move away!
The adder barely misses you.
* * * LOW HITPOINT WARNING * * *
You feel sick.
It was a potion of flight.
You feel very buoyant.
You fly up into the air.
* * * LOW HITPOINT WARNING * * *
You feel sick. The adder bites you.
You die...

#............#.#.....#
#........^...#.#..##.#
#.......#.####.#..g#.#
#.#.......## #.#.#.#.#
#..#...[...# #.....g.#
##.#.......# #####)###
# #.......# #g#
#.......#######K#
#...........@S#)###
#.......#####(Kg..#
#.......# #.#.#.#
#####...# )..g.#.#
#.##..#.##.### # #.#
#.#.. #.# .†.
......... ..# .##
.#### .. #. .#


You could see an adder, 2 goblins and a kobold.

Vanquished Creatures
  5 adders
  A worm (D:3)
  2 dart slugs
  7 bats
  9 endoplasms
  2 giant cockroaches
  9 goblins
  8 hobgoblins
  6 kobolds
  2 quokkas
  3 ball pythons (D:1)
  3 frilled lizards
  5 rats
62 creatures vanquished.

Notes
Turn   | Place    | Note
-------+----------+-------------------------------------------
     0 | D:1      | Crownlay the Gnoll Wanderer began the quest for the Orb.
     0 | D:1      | Crownlay set off with the following items: a +0 vorpal
                  | hunting sling, a +0 falchion, a +0 buckler, a potion of
                  | lignification, a +0 robe
     0 | D:1      | Reached XP level 1. HP: 13/13 MP: 1/1
   350 | D:1      | Reached XP level 2. HP: 19/19 MP: 2/2
   726 | D:1      | Reached XP level 3. HP: 25/25 MP: 3/3
   758 | D:1      | Found a faded altar of an unknown god.
  1333 | D:2      | Reached skill level 1 in Invocations
  1437 | D:2      | Reached skill level 1 in Fighting
  1437 | D:2      | Reached skill level 1 in Short Blades
  1437 | D:2      | Reached skill level 1 in Axes
  1437 | D:2      | Reached skill level 1 in Maces & Flails
  1437 | D:2      | Reached skill level 1 in Polearms
  1437 | D:2      | Reached skill level 1 in Staves
  1437 | D:2      | Reached skill level 1 in Bows
  1437 | D:2      | Reached skill level 1 in Crossbows
  1437 | D:2      | Reached skill level 1 in Throwing
  1437 | D:2      | Reached skill level 1 in Armour
  1437 | D:2      | Reached skill level 1 in Unarmed Combat
  1437 | D:2      | Reached skill level 1 in Spellcasting
  1437 | D:2      | Reached XP level 4. HP: 32/32 MP: 5/5
  1995 | D:3      | Reached skill level 1 in Conjurations
  1995 | D:3      | Reached skill level 1 in Hexes
  1995 | D:3      | Reached skill level 1 in Summonings
  1995 | D:3      | Reached skill level 1 in Necromancy
  1995 | D:3      | Reached skill level 1 in Translocations
  1995 | D:3      | Reached skill level 1 in Transmutations
  1995 | D:3      | Reached skill level 1 in Fire Magic
  1995 | D:3      | Reached skill level 1 in Ice Magic
  1995 | D:3      | Reached skill level 1 in Air Magic
  1995 | D:3      | Reached skill level 1 in Earth Magic
  1995 | D:3      | Reached skill level 1 in Poison Magic
  2292 | D:3      | Noticed Robin
  2295 | D:3      | Reached XP level 5. HP: 37/37 MP: 6/6
  2317 | D:3      | HP: 1/37 [poisoned by an adder]
  2317 | D:3      | Slain by an adder

Illustrated notes

Levels and vault maps discovered:
D:1:      tarquinn_simple_flora_water_e, layout_loops_corners,
          shapermc_ecumenical_altar_venn, minmay_tromino_v4_a
D:2:      layout_rooms, item_on_display_a
D:3:      minmay_angry_zag, layout_loops_cross, uniq_robin

Skill      XL: |  1  2  3  4 |
---------------+-------------+-----
Invocations    | 1 |  1.4
Fighting       | 1 |  1.3
Short Blades   | 1 |  1.3
Axes           | 1 |  1.3
Maces & Flails | 1 |  1.3
Polearms       | 1 |  1.3
Staves         | 1 |  1.3
Bows           | 1 |  1.3
Crossbows      | 1 |  1.3
Throwing       | 1 |  1.3
Armour         | 1 |  1.3
Unarmed Combat | 1 |  1.3
Spellcasting   | 1 |  1.3
Conjurations   | 1 |  1.0
Hexes          | 1 |  1.0
Summonings     | 1 |  1.0
Necromancy     | 1 |  1.0
Translocations | 1 |  1.0
Transmutations | 1 |  1.0
Fire Magic     | 1 |  1.0
Ice Magic      | 1 |  1.0
Air Magic      | 1 |  1.0
Earth Magic    | 1 |  1.0
Poison Magic   | 1 |  1.0
Long Blades    | |  4.7
Slings         | |  4.7
Dodging        | |  4.7
Stealth        | |  2.6
Shields        | |  4.7
Evocations     | |  2.8

Action                   |  1- 3 |  4- 6 || total
-------------------------+-------+-------++-------
 Fire: Hunting sling     |   104 |    81 ||   185
  Use: Scroll            |     1 |     2 ||     3
       Potion            |       |     1 ||     1
Armor: Robe              |     6 |     7 ||    13
Dodge: Dodged            |    25 |    26 ||    51
Block: Buckler           |    10 |    15 ||    25

Table legend: (Time is in decaauts)
 A = Elapsed time spent in this place.
 B = Non-inter-level travel time spent in this place.
 C = Inter-level travel time spent in this place.
 D = Time resting spent in this place.
 E = Time spent auto-exploring this place.
 F = Levels seen in this place.
 G = Mean time per level.
                   A        B        C        D        E       F      G
               +--------+--------+--------+--------+--------+-----+--------+
         Total |   2372 |   2346 |     26 |      0 |   1995 |   3 |  790.7 |
       Dungeon |   2372 |   2346 |     26 |      0 |   1995 |   3 |  790.7 |
               +--------+--------+--------+--------+--------+-----+--------+

Top non-repeatable levels by time:
     D:1: 1311 daAuts
     D:2: 644 daAuts
     D:3: 416 daAuts
